 Dungeon Crawl Stone Soup version 0.30-a0-4-ga7cffc901d (webtiles) character file.

Game seed: 13695487144654735620

433 Caestello the Grasshopper (level 6, -1/49 HPs)
             Began as a Palentonga Warper on Aug 20, 2022.
             Slain by an ogre
             ... wielding a +0 giant club
              (13 damage)
             ... on level 5 of the Dungeon.
             The game lasted 00:09:05 (4349 turns).

Caestello the Grasshopper (Palentonga Warper)       Turns: 4349, Time: 00:09:06

Health: -1/49      AC:  7    Str: 17    XL:     6   Next: 67%
Magic:  10/10      EV:  6    Int: 15    God:
Gold:   137        SH: 12    Dex:  9    Spells: 9/11 levels left

rFire   . . .      SeeInvis +    f - +3 short sword
rCold   . . .      Faith    .    m - +2 tower shield
rNeg    . . .      Spirit   .    b - +0 leather armour
rPois   .          Reflect  .    o - +0 helmet
rElec   .          Harm     .    (no cloak)
rCorr   .          Rampage  .    i - +0 pair of gloves
Will    .....                    (no barding)
Stlth   +.........               (no amulet)
HPRegen 0.16/turn                (no ring)
MPRegen 0.12/turn                (no ring)

@: no status effects
A: large, rugged brown scales 3, see invisible, deformed body, roll 1, armoured
tail
a: Rolling Charge


You were on level 5 of the Dungeon.
You visited 1 branch of the dungeon, and saw 5 of its levels.

You collected 137 gold pieces.

Inventory:

Hand Weapons
 a - a +0 mace
 f - a +3 short sword (weapon)
Missiles
 d - 7 boomerangs of dispersal
 C - 6 boomerangs
Armour
 b - a +0 leather armour (worn)
 i - a +0 pair of gloves (worn)
 m - a +2 tower shield (worn)
 o - a +0 helmet (worn)
Magical Staves
 e - a staff of fire
Wands
 y - a wand of flame (27)
 A - a wand of mindburst (20)
Scrolls
 c - a scroll of blinking
 j - 4 scrolls of teleportation
 k - a scroll of enchant weapon {unknown}
 l - a scroll of amnesia
 p - a scroll of fear
 q - a scroll of enchant armour {unknown}
 t - 2 scrolls of noise
 u - a scroll of silence {unknown}
 v - a scroll of immolation {unknown}
 x - a scroll of poison {unknown}
 B - a scroll of acquirement {unknown}
Potions
 g - a potion of lignification
 h - a potion of haste
 n - 2 potions of might
 r - a potion of brilliance
 s - 2 potions of flight {unknown}
 w - a potion of heal wounds {unknown}
 z - a potion of ambrosia {unknown}


   Skills:
 + Level 2.7 Fighting
 - Level 3.9 Maces & Flails
 + Level 0.6 Throwing
 + Level 2.2 Armour
 + Level 2.2 Dodging
 + Level 0.1 Stealth
 + Level 1.8 Shields
 * Level 3.1 Spellcasting
 * Level 4.1 Translocations


You had 9 spell levels left.
You knew the following spells:

 Your Spells              Type           Power      Damage    Failure   Level
a - Blink                 Tloc           28%        N/A       50%         2

Your spell library contained the following spells:

 Spells                   Type           Power      Damage    Failure   Level
 Gell's Gravitas          Tloc           14%        N/A       73%         3
 Lesser Beckoning         Tloc           14%        N/A       73%         3
 Teleport Other           Tloc           14%        N/A       73%         3
 Slow                     Hex            8%         N/A       89%         1
 Sublimation of Blood     Necr           2%         N/A       96%         2
 Confusing Touch          Hex            2%         N/A       99%         3
 Dazzling Flash           Conj/Hex       4%         N/A       99%         3
 Vampiric Draining        Necr           2%         2d6       99%         3
 Petrify                  Tmut/Erth      2%         N/A       100%        4
 Agony                    Necr           2%         N/A       100%        5
 Irradiate                Conj/Tmut      1%         3d12      100%        5
 Iskenderun's Battlesphe  Conj           2%         2d6       100%        5
 Manifold Assault         Tloc           14%        N/A       100%        5
 Silence                  Hex/Air        1%         N/A       100%        5
 Iron Shot                Conj/Erth      1%         9d1       100%        6
 Spellforged Servitor     Conj/Summ      1%         N/A       100%        7


Dungeon Overview and Level Annotations

Branches:
Dungeon (5/15)
 Temple: D:4-7

Altars:
Sif Muna
Uskayaw

Shops:
D:5 (


Innate Abilities, Weirdness & Mutations

You are completely covered in rugged brown scales. (AC +3, +7% HP)
You have supernaturally acute eyesight. (SInv)
Armour fits poorly on your strangely shaped body.
You can roll at nearby foes to attack.
You have a long armoured tail.


Message History

The puff of frost hits you!
You hit the white imp.
You kill the white imp!
Found 13 gold pieces.
HP restored.
Found a human corpse.
You now have 121 gold pieces (gained 13).
Found a dagger.
Found a glowing short sword and a potion of might.
Found Boptoam's Weapon Emporium.
n - 2 potions of might (gained 1) There's nothing you can charge at!
There is an entrance to Boptoam's Weapon Emporium here.
You see here a +3 short sword.
Found a leather armour.
Found a hide-covered altar of Uskayaw.
s - 2 fizzy coppery potions (gained 1)
You now have 137 gold pieces (gained 16).
There is an entrance to Boptoam's Weapon Emporium here.
You see here a +3 short sword.
f - a +3 short sword
Okay, then.
f - a +3 short sword (weapon)
An ogre comes into view. It is wielding a +0 giant club.
Found a silvery potion.
The ogre shouts!
You roll forward with a clatter of scales!
You hit the ogre but do no damage. The ogre hits you with a +0 giant club!
You barely miss the ogre. You block the ogre's attack.
You barely miss the ogre.
Your tail-slap misses the ogre.
The ogre hits you with a +0 giant club!!
Ouch! That really hurt!
* * * LOW HITPOINT WARNING * * *
You closely miss the ogre. You block the ogre's attack.
You hit the ogre but do no damage. The ogre hits you with a +0 giant club.
* * * LOW HITPOINT WARNING * * *
You hit the ogre.
The ogre is lightly wounded.
The ogre hits you with a +0 giant club!
You die...

......# #...#####
...... .....##.#
#.....
........#.#.....
..∩.....#........ ##
†.....#.#.#...... ..#
.)...##.#.#.#..!##.#
#...###.#.#.#....O.#
......#.#...# #.@##
......#.#...#.......#
......#.#...###.######
......#.#.#..........#
........#.#####.#...##
#####.#.#.# #.# .#
#####.###.#####..
...............##.
####...............


You could see an ogre.

Vanquished Creatures
  A scorpion (D:4)
  2 hounds (D:4)
  An orc priest (D:3)
  A jelly (D:5)
  Natasha (thrice) (D:3)
  Terence (D:3)
  7 adders
  A white imp (D:5)
  2 ufetubi (D:4)
  A worm (D:2)
  4 dart slugs
  6 orcs
  5 endoplasms
  4 giant cockroaches
  6 hobgoblins
  3 jackals (D:1)
  6 quokkas
  3 ball pythons
  A bat (D:1)
  4 frilled lizards
  4 goblins
  4 kobolds
  5 rats
75 creatures vanquished.

Notes
Turn   | Place    | Note
-------+----------+-------------------------------------------
     0 | D:1      | Caestello the Palentonga Warper began the quest for the
                  | Orb.
     0 | D:1      | Reached XP level 1. HP: 17/17 MP: 3/3
   269 | D:1      | Reached XP level 2. HP: 23/23 MP: 5/5
   422 | D:1      | Reached skill level 1 in Armour
  1023 | D:1      | Learned a level 2 spell: Blink
  1081 | D:2      | Reached XP level 3. HP: 28/28 MP: 6/6
  1713 | D:3      | Noticed Terence
  1771 | D:3      | Reached XP level 4. HP: 35/35 MP: 7/7
  1932 | D:3      | Found a shimmering blue altar of Sif Muna.
  2132 | D:3      | Killed Terence
  2133 | D:3      | Reached XP level 5. HP: 26/41 MP: 8/8
  2261 | D:3      | Noticed Natasha
  2265 | D:3      | Killed Natasha
  2266 | D:3      | Reached skill level 1 in Shields
  2446 | D:3      | Found a faded altar of an unknown god.
  2772 | D:3      | Noticed Natasha
  2776 | D:3      | Killed Natasha
  2825 | D:3      | Noticed Natasha
  2829 | D:3      | Killed Natasha
  3214 | D:4      | Reached XP level 6. HP: 46/49 MP: 10/10
  3414 | D:4      | Reached skill level 4 in Translocations
  3774 | D:5      | Entered Level 5 of the Dungeon
  4225 | D:5      | Found Boptoam's Weapon Emporium.
  4249 | D:5      | Noticed a +0 dagger
  4249 | D:5      | Noticed a +0 short sword
  4250 | D:5      | Noticed a +0 spear
  4250 | D:5      | Noticed a +0 falchion
  4250 | D:5      | Noticed a +0 short sword
  4251 | D:5      | Noticed a +0 dagger
  4251 | D:5      | Noticed a +0 spear
  4252 | D:5      | Noticed a +0 falchion
  4257 | D:5      | Found a hide-covered altar of Uskayaw.
  4349 | D:5      | Slain by an ogre

Illustrated notes

Levels and vault maps discovered:
D:1:      psy_arrival_basics, layout_basic
D:2:      layout_rooms, uniq_crazy_yiuf_cottage
D:3:      layout_basic, nicolae_sif_muna_condensation,
          ebering_ecumenical_altar_abandoned, uniq_terence, uniq_natasha
D:4:      layout_cave_pools
D:5:      layout_basic, nicolae_uskayaw_en_pointe, nzn_wu_jian_council_hall,
          serial_shops, nicolae_shop_bloodbath_and_beyond, serial_demonic,
          serial_demonic_g, serial_demonic_f, serial_demonic_a, serial_demonic_b

Skill      XL: |  1  2  3  4  5  6 |
---------------+-------------------+-----
Armour         | 1 2 |  2.2
Maces & Flails | 3 |  3.9
Dodging        | 2 |  2.2
Shields        | 1 |  1.8
Spellcasting   | 3 |  3.1
Translocations | 4 |  4.1
Fighting       | |  2.7
Throwing       | |  0.6
Stealth        | |  0.1

Action                   |  1- 3 |  4- 6 || total
-------------------------+-------+-------++-------
Melee: Mace              |   109 |   122 ||   231
       Punch             |     1 |       ||     1
       Tailslap          |     7 |    16 ||    23
       Short sword       |       |     6 ||     6
 Abil: Rolling Charge    |    27 |    24 ||    51
  Use: Scroll            |       |     8 ||     8
Armor: Leather armour    |    48 |    74 ||   122
Dodge: Dodged            |    55 |    31 ||    86
Block: Tower shield      |    15 |   100 ||   115

Table legend: (Time is in decaauts)
 A = Elapsed time spent in this place.
 B = Non-inter-level travel time spent in this place.
 C = Inter-level travel time spent in this place.
 D = Time resting spent in this place.
 E = Time spent auto-exploring this place.
 F = Levels seen in this place.
 G = Mean time per level.
                   A        B        C        D        E       F      G
               +--------+--------+--------+--------+--------+-----+--------+
         Total |   4463 |   4175 |    288 |    575 |   2452 |   5 |  892.6 |
       Dungeon |   4463 |   4175 |    288 |    575 |   2452 |   5 |  892.6 |
               +--------+--------+--------+--------+--------+-----+--------+

Top non-repeatable levels by time:
     D:3: 1326 daAuts
     D:4: 1087 daAuts
     D:1: 1066 daAuts
     D:2: 676 daAuts
     D:5: 306 daAuts
